 Dungeon Crawl Stone Soup version 0.31.0-32-g396128a36d (webtiles) character file.

Game seed: 12075437215205296444

713 spaghetti the Fighter (level 7, -2/83 HPs)
             Began as an Oni Chaos Knight on Mar 14, 2024.
             Was a Plaything of Xom.
             Killed from afar by an orc wizard (7 damage)
             ... with a magic dart
             ... on level 4 of the Dungeon.
             The game lasted 00:04:06 (3850 turns).

spaghetti the Fighter (Oni Chaos Knight)            Turns: 3850, Time: 00:04:07

Health: -2/83      AC: -6    Str: 19    XL:     7   Next: 69%
Magic:  5/7        EV:  9    Int: 15    God:    Xom [...*..]
Gold:   818        SH:  0    Dex:  8    Spells: 3/6 levels left

rFire   . . .        h - +5 dagger "Dofruaf" {spect, *Corrode rN+ Str+2}
rCold   . . .        (no shield)
rNeg    + . .        b - +2 robe
rPois   .            (helmet restricted)
rElec   .            (no cloak)
rCorr   .            (gloves unavailable)
SInv    .            (boots unavailable)
Will    .....        (no amulet)
Stlth   +            (no ring)
HPRegen 0.33/turn    (no ring)
MPRegen 0.10/turn

%: random rage (3%), corrode self (3%)
@: corroded, on berserk cooldown
A: large, unfitting armour, horns 1, tough skin 1, double potion healing,
drunken brawling, talons 1, berserk 1, high MP 1, shaggy fur 1, MP-powered wands
a: Renounce Religion


You were on level 4 of the Dungeon.
You worshipped Xom.
You were a favourite toy of Xom.
You visited 1 branch of the dungeon, and saw 5 of its levels.

You collected 818 gold pieces.

Inventory:

Hand Weapons
 a - a +1 spear of chaos
 h - the +5 dagger "Dofruaf" (weapon) {spect, *Corrode rN+ Str+2}
   (You found it on level 2 of the Dungeon)

   Str+2:     It affects your strength (+2).
   rN+:       It protects you from negative energy.
   *Corrode:  It may corrode you when you take damage.
Missiles
 g - 5 atropa-tipped darts (quivered)
Armour
 b - a +2 robe (worn)
Scrolls
 c - a scroll of butterflies
 d - a scroll of revelation
 e - 3 scrolls of teleportation
 i - a scroll of enchant armour
 j - a scroll of noise
 m - a scroll of enchant weapon
 p - a scroll of fog
Potions
 f - a potion of berserk rage
 k - a potion of resistance


   Skills:
 + Level 9.3 Fighting
 - Level 3.0 Polearms
 - Level 2.1 Dodging
 + Level 4.4 Hexes


You had 3 spell levels left.
You knew the following spells:

 Your Spells              Type           Power      Damage    Failure   Level
a - Confusing Touch       Hex            13%        N/A       13%         3

Your spell library contained the following spells:

 Spells                   Type           Power      Damage    Failure   Level
 Kiss of Death            Conj/Necr      0%         2d5       26%         1
 Dispel Undead            Necr           0%         3d6       95%         4


Dungeon Overview and Level Annotations

Branches:
Dungeon (5/15)
 Temple: D:4-7

Altars:
Xom


Innate Abilities, Weirdness & Mutations

You are too large for most types of armour.
You have a pair of small horns on your head.
You have tough skin. (AC +1)
You gain doubled healing and magic from potions.
Whenever you drink a healing potion, you attack all around you.
You have sharp toenails.
You sometimes lose your temper in combat.
You have an increased reservoir of magic. (+10% MP)
You are covered in fur. (AC +1)
You expend magic power (3 MP) to strengthen your wands.


Message History

The orc hits you with a +0 flail.
The orc priest hits you with a +0 hand axe!
The orc hits you with a +0 war axe. The orc hits you with a +0 mace.
The orc closely misses you. The orc priest barely misses you.
The orc hits you with a +0 flail.
You hit the orc priest but do no damage.
The orc priest is moderately wounded.
The orc barely misses you. The orc hits you with a +0 flail.
The orc hits you with a +0 war axe!
You barely miss the orc.
The orc is moderately wounded.
Your +5 dagger "Dofruaf" {spect, *Corrode rN+ Str+2} hits the orc.
The orc closely misses your +5 dagger "Dofruaf" {spect, *Corrode rN+ Str+2}.
The orc barely misses you. x2; Something hits you.
The orc closely misses you.
The orc hits your +5 dagger "Dofruaf" {spect, *Corrode rN+ Str+2} but does no damage.
The orc hits you with a +0 flail!
* * * LOW HITPOINT WARNING * * *
You hit the orc but do no damage. Your headbutt misses the orc.
The orc is heavily wounded.
Your +5 dagger "Dofruaf" {spect, *Corrode rN+ Str+2} barely misses the orc.
You feel yourself speed up. The orc hits you with a +0 mace.
* * * LOW HITPOINT WARNING * * *
Your corrosive artefact corrodes you!
Something hits you.
* * * LOW HITPOINT WARNING * * *
The orc hits you with a +0 flail!
* * * LOW HITPOINT WARNING * * *
The orc hits you with a +0 war axe.
* * * LOW HITPOINT WARNING * * *
Blink to where?
Press: ? - help, Dir - move target
As you read the scroll of blinking, it crumbles to dust.
The orc priest invokes the aid of Beogh against you.
You struggle to resist.
Blink to where?
Press: ? - help, Dir - move target
As you read the scroll of blinking, it crumbles to dust.
A magic dart appears from out of thin air!
The magic dart hits you!
You die...

##.o...#
#.
#..ooo(#
##
#..{####
#...#
#ยง..#
#...#
#...#
#...#
#@..#
#####


You could see an orc priest and an orc.

Vanquished Creatures
  A centaur (D:5)
  2 ogres (D:5)
  A scorpion (D:5)
  2 bombardier beetles
  A jelly (D:5)
  3 orc priests
  A hound (D:5)
  Ijyb (D:3)
  An iguana (D:4)
  An orc wizard (D:4)
  3 gnolls (D:3)
  2 adders
  A dart slug (D:3)
  2 ribbon worms
  10 orcs
  6 bats
  8 endoplasms
  3 giant cockroaches
  5 hobgoblins
  2 quokkas
  4 ball pythons
  3 frilled lizards
  4 goblins
  2 kobolds
  7 rats
76 creatures vanquished.

Vanquished Creatures (others)
  A spectral weapon (D:5)
1 creature vanquished.

Grand Total: 77 creatures vanquished

Notes
Turn   | Place    | Note
-------+----------+-------------------------------------------
     0 | D:1      | spaghetti the Oni Chaos Knight began the quest for the Orb.
     0 | D:1      | Reached XP level 1. HP: 24/24 MP: 1/1
     7 | D:1      | XOM: silly message
    47 | D:1      | XOM: silly message
   254 | D:1      | Reached XP level 2. HP: 33/33 MP: 2/2
   286 | D:1      | Found a faded altar of an unknown god.
   388 | D:1      | Reached skill level 5 in Fighting
   877 | D:1      | XOM: give mutation
   877 | D:1      | Gained mutation: You have hidden genetic potential. [Xom's
                  | grace]
   900 | D:1      | XOM: god gift: 5 atropa-tipped darts
   925 | D:2      | XOM: enchant monster (good)
   928 | D:2      | Identified the +5 dagger "Dofruaf" {spect, *Corrode rN+
                  | Str+2}
   976 | D:2      | Reached XP level 3. HP: 33/42 MP: 3/3
  1153 | D:2      | Reached skill level 6 in Fighting
  1153 | D:2      | Reached XP level 4. HP: 21/53 MP: 4/4
  1154 | D:2      | Gained mutation: You expend magic power (3 MP) to
                  | strengthen your wands. [hidden potential]
  1470 | D:2      | Learned a level 3 spell: Confusing Touch
  1494 | D:3      | XOM is BORED!
  1494 | D:3      | XOM: give mutations
  1494 | D:3      | Gained mutation: You sometimes lose your temper in combat.
                  | [Xom's mischief]
  1494 | D:3      | Gained mutation: You have sharp toenails. [Xom's mischief]
  1494 | D:3      | Gained mutation: You are covered in fur. (AC +1) [Xom's
                  | mischief]
  1738 | D:3      | XOM: scenery: create altars
  2033 | D:3      | Reached skill level 7 in Fighting
  2033 | D:3      | Reached skill level 1 in Hexes
  2033 | D:3      | Reached XP level 5. HP: 39/62 MP: 5/5
  2037 | D:3      | Gained mutation: You have an increased reservoir of magic.
                  | (+10% MP) [hidden potential]
  2037 | D:3      | Lost mutation: You have hidden genetic potential. [hidden
                  | potential expressed]
  2075 | D:3      | XOM: god gift: 605 gold pieces
  2189 | D:3      | XOM: 8-stop teleportation journey
  2337 | D:3      | XOM: 1-stop teleportation journey
  2555 | D:3      | Noticed Ijyb
  2564 | D:3      | Killed Ijyb
  2911 | D:4      | XOM: silly message
  2940 | D:4      | You fall into a shaft and drop 1 floor!
  2940 | D:5      | Entered Level 5 of the Dungeon
  2947 | D:5      | Reached XP level 6. HP: 69/72 MP: 6/6
  2954 | D:5      | Reached skill level 8 in Fighting
  3042 | D:5      | XOM: 1-stop teleportation journey
  3153 | D:5      | Reached XP level 7. HP: 67/81 MP: 7/7
  3278 | D:5      | XOM is BORED!
  3278 | D:5      | XOM: noise
  3312 | D:5      | Reached skill level 9 in Fighting
  3570 | D:4      | XOM: divination: detect creatures
  3772 | D:4      | Identified the +0 leather armour of Xaumuruv {rElec rN+
                  | Dex-3}
  3837 | D:4      | XOM: 1-stop teleportation journey
  3848 | D:4      | HP: 4/83 [orc/+0 war axe (3)]
  3850 | D:4      | Killed from afar by an orc wizard

Illustrated notes

Levels and vault maps discovered:
D:1:      dpeg_arrival_simpleton_a, layout_loops_corners,
          ebering_ecumenical_altar_box, skrybe_limestone_x
D:2:      layout_rooms, grunt_decor_one_mirror
D:3:      layout_loops_corners, patterned_corridor, uniq_ijyb
D:4:      layout_basic
D:5:      layout_rooms, serial_curves, eino_curves_02, eino_curves_01,
          nicolae_nh_ransacked_shop

Skill      XL: |  1  2  3  4  5  6  7 |
---------------+----------------------+-----
Fighting       | 5 6 7 8 9 |  9.3
Hexes          | 1 2 3 4 |  4.4
Polearms       | |  3.0
Dodging        | |  2.1

Action                     |  1- 3 |  4- 6 |  7- 9 || total
---------------------------+-------+-------+-------++-------
  Melee: Spear             |    46 |       |       ||    46
         Headbutt          |    10 |    16 |     9 ||    35
         Dagger            |    17 |    98 |    38 ||   153
         Punch             |     1 |     1 |       ||     2
         Kick              |       |    25 |    14 ||    39
   Cast: Confusing Touch   |       |     2 |     7 ||     9
  Evoke: Wand              |       |       |     1 ||     1
    Use: Potion            |     2 |     3 |     1 ||     6
         Scroll            |       |    10 |     2 ||    12
   Stab: Paralysed         |     1 |       |       ||     1
         Sleeping          |     1 |       |       ||     1
         Distracted        |       |     1 |       ||     1
         Confused          |       |       |     2 ||     2
 Armour: Robe              |    23 |    53 |    64 ||   140
  Dodge: Dodged            |    19 |    32 |    27 ||    78
